[Event "Titled Tuesday Blitz July 25 Early 2023"]
[White "Szente Varga, Fruzsina"]
[Black "NovoselovRoman"]
[WhiteFideId "712264"]
[WhiteElo "2304"]
[BlackElo "2585"]
[Result "1-0"]
[Round "2"]
[TimeControl "180+2"]
[Date "2023.07.25"]
[WhiteClock "0:00:12"]
[BlackClock "0:00:01"]
[Board "131"]

1. e4 c6 2. d4 d5 3. exd5 cxd5 4. Bd3 Nf6 5. c3 Nc6 6. Bf4 g6 7. Nd2 Bg7 8. Ne2 O-O 9. O-O Nh5 10. Nf3 Bg4 11. Qd2 Bxf3 12. gxf3 Nxf4 13. Qxf4 e5 14. dxe5 Nxe5 15. Bc2 Qg5+ 16. Qxg5 Nxf3+ 17. Kg2 Nxg5 18. Rad1 Rfd8 19. Bb3 Re8 20. Rfe1 Rad8 21. Rxd5 Rxd5 22. Bxd5 b6 23. f4 Ne6 24. Kf3 Nc5 25. Rd1 h5 26. Ng3 Re7 27. Ne4 Nxe4 28. Bxe4 Bf6 29. Rd8+ Kg7 30. Rd6 Rc7 31. a4 Be7 32. Rc6 Rd7 33. Ke2 f6 34. Bf3 Bd6 35. f5 Re7+ 36. Kf2 Bxh2 37. fxg6 Kxg6 38. Rc8 Be5 39. Rg8+ Kf7 40. Bd5+ Re6 41. Bxe6+ Kxe6 42. Rh8 Kd5 43. Ke2 Kc4 44. Kd1 Kb3 45. Kc1 Kxa4 46. Rxh5 a5 47. Kc2 Kb5 48. Rf5 Kc4 49. Rh5 b5 50. Rh4+ Kc5 51. Rh7 Kd5 52. Kd3 Kc5 53. Ra7 a4 54. Rb7 Kc6 55. Rh7 Kc5 56. Rh4 Bd6 57. Ke4 Be5 58. Rh3 Kc4 59. Rf3 Kb3 60. Rf2 b4 61. cxb4 Kxb4 62. Kd3 Kb3 63. Rg2 Bxb2 64. Rg8 Be5 65. Rg7 a3 66. Rb7+ Ka2 67. Kc2 f5 68. Rf7 f4 69. Rf8 Ka1 70. Rf5 Bd6 71. Rf6 Be5 72. Rf5 Bd6 73. Ra5 Bc7 74. Rxa3# 1-0


[Site "https://www.chess.com"]

[Event "Titled Tuesday Blitz July 25 Early 2023"]
[White "Olenik Campa, Rudi"]
[Black "Ruge, Edison"]
[WhiteFideId "14633264"]
[BlackFideId "4401000"]
[WhiteElo "2548"]
[BlackElo "2203"]
[Result "0-1"]
[Round "2"]
[TimeControl "180+2"]
[Date "2023.07.25"]
[WhiteClock "0:01:00"]
[BlackClock "0:00:34"]
[Board "132"]

1. e4 e5 2. Nf3 Nc6 3. Bc4 Be7 4. O-O Nf6 5. Re1 O-O 6. d3 d6 7. c3 Kh8 8. Ng5 Qe8 9. h3 h6 10. Nf3 Ng8 11. d4 f5 12. exf5 Bxf5 13. dxe5 Qh5 14. Be2 Qg6 15. Kh1 Nxe5 16. Nxe5 dxe5 17. Nd2 Bc2 18. Bh5 Qf5 19. Qf3 Qg5 20. Qe2 Nf6 21. Bf3 Qg6 22. Bh5 Qxh5 23. Qxe5 Qxe5 24. Rxe5 Bd6 25. Re2 Rae8 26. Rxe8 Rxe8 27. Nf3 Be4 28. Be3 Bxf3 29. gxf3 Nd5 30. Bd4 c5 31. Be3 Nxe3 32. fxe3 Rxe3 33. Rd1 Bf4 34. Kg2 Re2+ 35. Kf1 Rxb2 36. Rd7 Kh7 37. Rf7 Be5 38. c4 Bf6 39. f4 Kg6 40. Rc7 Kf5 41. Rxc5+ Kxf4 42. Rb5 Rxb5 43. cxb5 b6 44. Kg2 g5 0-1


[Site "https://www.chess.com"]

[Event "Titled Tuesday Blitz July 25 Early 2023"]
[White "SoyuzTM4"]
[Black "Richter, Nils"]
[BlackFideId "12990809"]
[WhiteElo "2186"]
[BlackElo "2538"]
[Result "0-1"]
[Round "2"]
[TimeControl "180+2"]
[Date "2023.07.25"]
[WhiteClock "0:00:01"]
[BlackClock "0:01:46"]
[Board "133"]

1. e4 c5 2. Nf3 d6 3. d4 cxd4 4. Nxd4 Nf6 5. Nc3 a6 6. Bc4 e6 7. Bb3 Nbd7 8. Be3 Nc5 9. f3 Be7 10. Qe2 Qc7 11. O-O-O b5 12. Kb1 O-O 13. g4 Bd7 14. g5 Ne8 15. Qg2 b4 16. Nce2 a5 17. h4 a4 18. Bc4 a3 19. b3 Na4 20. g6 Nb2 21. gxf7+ Rxf7 22. Bxe6 Bxe6 23. Nxe6 Qc8 24. Ng5 Nxd1 25. Rxd1 Rf8 26. Nd4 Bf6 27. Nge6 Rf7 28. Bc1 Re7 29. Qg4 Bxd4 30. Nxd4 Qxg4 31. fxg4 Rxe4 32. Nf5 Rxg4 33. h5 Rc8 0-1


[Site "https://www.chess.com"]

[Event "Titled Tuesday Blitz July 25 Early 2023"]
[White "Gontcharov, Vladislav"]
[Black "Kayis, Gulcan Sena"]
[WhiteFideId "4123492"]
[BlackFideId "34553045"]
[WhiteElo "2537"]
[BlackElo "1991"]
[Result "1-0"]
[Round "2"]
[TimeControl "180+2"]
[Date "2023.07.25"]
[WhiteClock "0:00:10"]
[BlackClock "0:00:14"]
[Board "134"]

1. d4 d5 2. c4 c6 3. Nf3 Nf6 4. e3 e6 5. Nc3 Nbd7 6. Bd3 dxc4 7. Bxc4 b5 8. Bd3 Bb7 9. e4 b4 10. Na4 c5 11. e5 Nd5 12. dxc5 Nxc5 13. Nxc5 Bxc5 14. Bb5+ Kf8 15. O-O a6 16. Bd3 Qb6 17. Qe2 h6 18. Bd2 g6 19. h3 Kg7 20. Nh2 h5 21. Rfd1 Rac8 22. Nf1 Ne7 23. Ng3 Rhe8 24. Bg5 Ng8 25. Ne4 Bxe4 26. Bxe4 Bd4 27. Bf3 Qc5 28. Bf4 Red8 29. g4 hxg4 30. hxg4 Qc2 31. Rd2 Qc7 32. Rad1 Bb6 33. Qxa6 Rxd2 34. Rxd2 Qc1+ 35. Kg2 Qc5 36. Qe2 Qa5 37. b3 Ne7 38. Rd7 Rc7 39. Rxc7 Bxc7 40. Qe3 Nd5 41. Bh6+ Kh7 42. Qg5 Qc5 43. Qh4 Kg8 44. Bg5 Nc3 45. Bf6 Bxe5 46. Qh8# 1-0


[Site "https://www.chess.com"]

[Event "Titled Tuesday Blitz July 25 Early 2023"]
[White "Hrescak, Ivana"]
[Black "Mei, Austin"]
[WhiteFideId "14613441"]
[BlackFideId "30948479"]
[WhiteElo "2136"]
[BlackElo "2501"]
[Result "0-1"]
[Round "2"]
[TimeControl "180+2"]
[Date "2023.07.25"]
[WhiteClock "0:00:09"]
[BlackClock "0:00:22"]
[Board "135"]

1. e4 e5 2. Nf3 Nc6 3. Nc3 Nf6 4. d4 Bb4 5. d5 Ne7 6. Bd3 Bxc3+ 7. bxc3 d6 8. O-O O-O 9. Nh4 Ng6 10. Nxg6 hxg6 11. f4 Bg4 12. Qe1 exf4 13. Bxf4 Qe7 14. Qg3 Bd7 15. Bg5 Qe5 16. Qxe5 dxe5 17. Bxf6 gxf6 18. Rxf6 Kg7 19. Rf2 f5 20. Raf1 f4 21. Rb1 b6 22. Bb5 Rad8 23. Bxd7 Rxd7 24. c4 g5 25. h3 Kf6 26. Rb5 Rh8 27. Kf1 g4 28. hxg4 Rh1+ 29. Ke2 Kg5 30. Kf3 Ra1 31. c3 Rh7 32. c5 Rhh1 33. cxb6 axb6 34. d6 cxd6 35. Rxb6 Rhd1 36. Rb8 Rd3+ 37. Ke2 Rxc3 38. Rg8+ Kf6 39. Kd2 Ra3 40. Re2 R1xa2+ 41. Kd1 Rxe2 42. Kxe2 Re3+ 43. Kf2 Rxe4 44. g5+ Kf7 45. Rd8 Rd4 46. g3 Kg6 47. gxf4 Rxf4+ 48. Ke3 Rd4 49. Rg8+ Kf7 50. Rd8 d5 51. Rd6 Rd1 52. Rf6+ Kg7 53. Rf5 Re1+ 54. Kd2 Re4 55. Rf1 Kg6 56. Rg1 d4 57. Kd3 Re3+ 58. Kd2 Ra3 59. Rg4 Kf5 60. Rg1 Kg6 61. Rg4 Re3 62. Rg1 e4 63. Rg4 Kf5 64. Rg1 Kg6 65. Rg4 Rd3+ 66. Ke2 Kf5 67. Rg1 Ra3 68. g6 Ra2+ 69. Kf1 Ra1+ 70. Kg2 Rxg1+ 71. Kxg1 Kxg6 72. Kf1 Kf5 73. Ke2 Kf4 74. Kd2 d3 75. Ke1 Ke3 76. Kd1 d2 77. Kc2 Ke2 78. Kc3 d1=Q 0-1


[Site "https://www.chess.com"]

[Event "Titled Tuesday Blitz July 25 Early 2023"]
[White "Pandey Srishti"]
[Black "Xiong, Jeffery"]
[WhiteFideId "35093290"]
[BlackFideId "2047640"]
[WhiteElo "2413"]
[BlackElo "2987"]
[Result "0-1"]
[Round "2"]
[TimeControl "180+2"]
[Date "2023.07.25"]
[WhiteClock "0:00:31"]
[BlackClock "0:01:30"]
[Board "136"]

1. e4 c5 2. Nf3 d6 3. d4 cxd4 4. Nxd4 Nf6 5. Nc3 a6 6. Bg5 Nbd7 7. f4 Qc7 8. Qe2 e5 9. Nf3 b5 10. O-O-O Be7 11. a3 O-O 12. g4 Bb7 13. Bxf6 Nxf6 14. g5 Nh5 15. f5 Nf4 16. Qe1 Rac8 17. Rg1 d5 18. f6 Bxa3 19. bxa3 Qxc3 20. Qxc3 Rxc3 21. Nxe5 Rfc8 22. Rd2 dxe4 23. Kb2 e3 24. Rd8+ Rxd8 25. Kxc3 e2 26. Bxe2 Nxe2+ 0-1


[Site "https://www.chess.com"]

[Event "Titled Tuesday Blitz July 25 Early 2023"]
[White "Grigoriants, Sergey"]
[Black "Vafin, Ayrat"]
[WhiteFideId "4130804"]
[BlackFideId "4146530"]
[WhiteElo "2905"]
[BlackElo "2411"]
[Result "1-0"]
[Round "2"]
[TimeControl "180+2"]
[Date "2023.07.25"]
[WhiteClock "0:01:41"]
[BlackClock "0:00:01"]
[Board "137"]

1. d4 d5 2. c4 e6 3. Nf3 Nf6 4. g3 b6 5. cxd5 Nxd5 6. Bg2 Bb7 7. O-O Be7 8. Re1 O-O 9. e4 Nf6 10. Nc3 c5 11. d5 exd5 12. exd5 Nxd5 13. Nxd5 Bxd5 14. Rxe7 Qxe7 15. Qxd5 Nd7 16. Bf4 Nf6 17. Qf5 Rad8 18. Ne5 Rd4 19. Nc6 Qd7 20. Nxd4 Qxf5 21. Nxf5 Re8 22. Bf3 g6 23. Nd6 Rd8 24. Rd1 Rf8 25. a4 Ne8 26. Nc8 Nf6 27. Nxa7 h6 28. Nc6 g5 29. Be5 1-0


[Site "https://www.chess.com"]

[Event "Titled Tuesday Blitz July 25 Early 2023"]
[White "Harsh Suresh"]
[Black "Krzywda, Andrzej"]
[WhiteFideId "45018464"]
[BlackFideId "1114565"]
[WhiteElo "2848"]
[BlackElo "2409"]
[Result "0-1"]
[Round "2"]
[TimeControl "180+2"]
[Date "2023.07.25"]
[WhiteClock "0:00:04"]
[BlackClock "0:00:25"]
[Board "138"]

1. e4 e5 2. Nf3 Nf6 3. d4 Nxe4 4. Bd3 d5 5. Nxe5 Bd6 6. O-O O-O 7. Nd2 Bxe5 8. dxe5 Nc5 9. Be2 Nc6 10. f4 f6 11. exf6 Qxf6 12. Nb3 Qd6 13. Be3 Nxb3 14. axb3 d4 15. Bd2 Bf5 16. Bd3 Bxd3 17. cxd3 Rae8 18. Rf2 b6 19. Qc2 a5 20. Qc4+ Kh8 21. Rc1 Rf6 22. f5 h6 23. Bf4 Qe7 24. g4 Ne5 25. Bxe5 Qxe5 26. Qxc7 Qe3 27. Rd1 h5 28. Qf4 hxg4 29. Qxg4 Re5 30. Rf1 Qxd3 31. Rd1 Qe3 32. Rxd4 Re8 33. Rd7 Qc1+ 34. Rf1 Qc5+ 35. Rf2 Re1+ 36. Kg2 Qc6+ 37. Rf3 Re2+ 38. Kf1 Qxd7 39. Kxe2 Rd6 40. Kf2 Rd1 41. Kg2 Qc6 42. Qh4+ Kg8 43. Qf2 Rc1 44. Kg3 Rc2 45. Qd4 Qh6 46. Qd5+ Kh7 47. Qe4 Qxh2+ 48. Kg4 Rg2+ 49. Rg3 Qxg3+ 50. Kh5 Qg5# 0-1


[Site "https://www.chess.com"]

[Event "Titled Tuesday Blitz July 25 Early 2023"]
[White "Sychev, Klementy"]
[Black "Gracia Alvarez, Gerardo Antonio"]
[WhiteFideId "4114060"]
[BlackFideId "5109124"]
[WhiteElo "2832"]
[BlackElo "2408"]
[Result "1-0"]
[Round "2"]
[TimeControl "180+2"]
[Date "2023.07.25"]
[WhiteClock "0:00:04"]
[BlackClock "0:00:02"]
[Board "139"]

1. e4 c5 2. Nf3 Nc6 3. d4 cxd4 4. Nxd4 Nf6 5. Nc3 e5 6. Ndb5 h6 7. Nd6+ Bxd6 8. Qxd6 Qe7 9. Qxe7+ Kxe7 10. b3 d6 11. Ba3 a6 12. O-O-O Rd8 13. Rd2 b5 14. Nd5+ Nxd5 15. exd5 Nb8 16. f4 Nd7 17. Bd3 Rb8 18. Bb4 f6 19. Re1 Bb7 20. Bf5 Nb6 21. fxe5 fxe5 22. Rxe5+ Kf6 23. Re6+ Kxf5 24. Rf2+ Kg4 25. Rg6+ Kh5 26. Rxg7 Rf8 27. Rxf8 Rxf8 28. Rxb7 Nxd5 29. Bxd6 Rf2 30. Rg7 Ne3 31. Kb2 Rxc2+ 32. Ka3 a5 33. Bf4 Nd5 34. g4+ Kh4 35. Bg3+ Kh3 36. b4 axb4+ 37. Kb3 Rc3+ 38. Kb2 Rf3 39. Rg6 Ne3 40. Rxh6+ Kxg4 41. Rg6+ Kf5 42. Rg8 Nc4+ 43. Kc2 Rc3+ 44. Kb1 Rd3 45. Rf8+ Ke4 46. Re8+ Kf3 47. Re1 Rd2 48. Rf1+ Kg2 49. Re1 Kf3 50. Rc1 Na3+ 51. Ka1 Nc4 52. Kb1 Ke4 53. Bc7 Kd3 54. Bf4 Rb2+ 55. Ka1 Rf2 56. Bg3 Re2 57. Kb1 Na3+ 58. Ka1 Nc2+ 59. Kb1 Na3+ 60. Ka1 Nc2+ 61. Kb2 Nd4+ 62. Kb1 Nf3 63. h4 Nd2+ 64. Ka1 Rg2 65. Bf4 Nc4 66. h5 Re2 67. h6 Rf2 68. h7 Rxf4 69. h8=Q 1-0


[Site "https://www.chess.com"]

[Event "Titled Tuesday Blitz July 25 Early 2023"]
[White "Putnam, Liam"]
[Black "Yashmetov, Mikhail"]
[WhiteFideId "30938279"]
[BlackFideId "24198900"]
[WhiteElo "2806"]
[BlackElo "2407"]
[Result "1-0"]
[Round "2"]
[TimeControl "180+2"]
[Date "2023.07.25"]
[WhiteClock "0:01:34"]
[BlackClock "0:00:02"]
[Board "140"]

1. d4 Nf6 2. Nc3 d5 3. Bf4 g6 4. e3 Bg7 5. h4 h5 6. Nf3 O-O 7. Ne5 c5 8. dxc5 Qa5 9. Qd4 Ne4 10. b4 Qa3 11. Nxd5 f5 12. Nxe7+ Kh7 13. N7xg6 Rf6 14. Ne7 Nc6 15. N7xc6 bxc6 16. Bd3 Rb8 17. Nxc6 Rxc6 18. Be5 Rxb4 19. Qd5 Rxc5 20. Qf7 Rxe5 21. Qxh5+ Kg8 22. O-O Bd7 23. Rfd1 Be8 24. Qe2 Nc3 25. Bc4+ Kh7 26. Qd3 Nxd1 27. Qxa3 Rb6 28. Rxd1 Rg6 29. Rd6 Rxd6 30. Qxd6 Bf7 31. Bxf7 1-0


[Site "https://www.chess.com"]

[Event "Titled Tuesday Blitz July 25 Early 2023"]
[White "Iljin, Timofey"]
[Black "Samunenkov, Ihor"]
[WhiteFideId "14110180"]
[BlackFideId "14187086"]
[WhiteElo "2406"]
[BlackElo "2800"]
[Result "0-1"]
[Round "2"]
[TimeControl "180+2"]
[Date "2023.07.25"]
[WhiteClock "0:00:08"]
[BlackClock "0:00:25"]
[Board "141"]

1. e4 c5 2. c3 d5 3. exd5 Qxd5 4. d4 Nf6 5. Nf3 e6 6. Na3 a6 7. Be2 cxd4 8. cxd4 Bb4+ 9. Bd2 Bxd2+ 10. Qxd2 O-O 11. Nc4 Nbd7 12. O-O b6 13. Nfe5 Nxe5 14. Nxe5 Bb7 15. Bf3 Ne4 16. Qe3 Rad8 17. Rfe1 f5 18. Red1 Rc8 19. Nd3 Rfd8 20. Nf4 Qd6 21. Qb3 Qxf4 22. Qxe6+ Kh8 23. Qxb6 Qc7 24. Qb3 Bd5 25. Qe3 Qc2 26. Rab1 Bxa2 27. Rbc1 Qxb2 28. Rxc8 Rxc8 29. Bxe4 fxe4 30. Qxe4 Qc2 31. Qg4 Be6 32. Qf3 Bd5 33. Qg4 a5 34. h4 a4 35. Re1 a3 36. h5 h6 37. Qd7 Qc6 38. Qa7 a2 39. Re7 Qc1+ 40. Kh2 Qf4+ 41. Kh3 Qf5+ 42. Kh2 Qxh5+ 43. Kg3 Qg5+ 44. Kh2 Qxg2# 0-1


[Site "https://www.chess.com"]

[Event "Titled Tuesday Blitz July 25 Early 2023"]
[White "Rahman, Masruri"]
[Black "Spaqi, Wilson"]
[WhiteFideId "7101163"]
[BlackFideId "2053888"]
[WhiteElo "2769"]
[BlackElo "2405"]
[Result "1/2-1/2"]
[Round "2"]
[TimeControl "180+2"]
[Date "2023.07.25"]
[WhiteClock "0:00:19"]
[BlackClock "0:00:31"]
[Board "142"]

1. d4 d5 2. Bf4 Nf6 3. e3 c6 4. c4 e6 5. Nc3 Bd6 6. Bg3 Qe7 7. Nf3 Nbd7 8. Ne5 Ne4 9. Nxe4 dxe4 10. a3 O-O 11. Nxd7 Bxd7 12. Be2 f5 13. O-O Kh8 14. Be5 Rfd8 15. Qb3 Rab8 16. Rad1 Be8 17. Qc3 Bxe5 18. dxe5 Rxd1 19. Rxd1 Rd8 20. Rd4 c5 21. Rd2 Rxd2 22. Qxd2 Qd7 23. Qc3 Kg8 24. f3 exf3 25. Bxf3 Qc7 26. Kf2 Bd7 27. e4 fxe4 28. Bxe4 Bc6 29. Bxc6 Qxc6 30. Qa5 Qb6 31. Qxb6 axb6 32. Ke3 Kf7 33. Kf4 Kg6 34. g4 Kh6 35. h4 Kg6 36. Ke4 h5 37. g5 Kf7 38. Kf4 Kg6 39. Ke4 Kf7 40. b4 Kg6 41. Kf4 Kf7 42. Ke4 Kg6 43. Kf4 Kf7 44. Ke4 1/2-1/2


[Site "https://www.chess.com"]

[Event "Titled Tuesday Blitz July 25 Early 2023"]
[White "Prohaszka, Peter"]
[Black "Jumanov, Elbek"]
[WhiteFideId "726265"]
[BlackFideId "14202905"]
[WhiteElo "2750"]
[BlackElo "2403"]
[Result "1-0"]
[Round "2"]
[TimeControl "180+2"]
[Date "2023.07.25"]
[WhiteClock "0:01:47"]
[BlackClock "0:01:18"]
[Board "143"]

1. d4 Nf6 2. Nf3 g6 3. c3 Bg7 4. Bg5 O-O 5. Nbd2 d5 6. e3 c5 7. a4 Nbd7 8. h3 b6 9. a5 Bb7 10. Qa4 Rc8 11. a6 Ba8 12. Bb5 Nb8 13. Ne5 Ne4 14. Nxe4 dxe4 15. Bf4 cxd4 16. exd4 e3 17. O-O exf2+ 18. Rxf2 e6 19. Nd7 Nxd7 20. Bxd7 Rc7 21. Bxc7 Qxc7 22. Raf1 Qg3 23. Bc6 Bxc6 24. Qxc6 e5 25. Qd5 1-0


[Site "https://www.chess.com"]

[Event "Titled Tuesday Blitz July 25 Early 2023"]
[White "Schmakel, Sam"]
[Black "Xie, Bryan"]
[WhiteFideId "2039311"]
[BlackFideId "30941296"]
[WhiteElo "2736"]
[BlackElo "2401"]
[Result "1-0"]
[Round "2"]
[TimeControl "180+2"]
[Date "2023.07.25"]
[WhiteClock "0:00:17"]
[BlackClock "0:00:01"]
[Board "144"]

1. c4 e6 2. g3 d5 3. Bg2 Nf6 4. Nf3 d4 5. O-O c5 6. e3 Nc6 7. exd4 cxd4 8. Re1 Bd6 9. d3 O-O 10. a3 a5 11. Bg5 h6 12. Bxf6 Qxf6 13. Nbd2 Qe7 14. Rc1 e5 15. Ne4 Bc7 16. c5 Be6 17. Nfd2 f5 18. Nd6 Bxd6 19. cxd6 Qxd6 20. Nc4 Bxc4 21. Rxc4 Rac8 22. Qa4 f4 23. Bxc6 fxg3 24. hxg3 Rxc6 25. Rxc6 bxc6 26. Qxa5 Qf6 27. Re2 Re8 28. Kg2 Qf5 29. Re4 Rf8 30. Qd2 Qf3+ 31. Kg1 Rf5 32. Qe2 Qxe2 33. Rxe2 Rf3 34. Rd2 Kf7 35. Kg2 Rf5 36. b4 Ke6 37. a4 Kd6 38. Rc2 g5 39. b5 cxb5 40. axb5 Rf8 41. Rc6+ Kd5 42. Rxh6 Rb8 43. b6 Kc5 44. Re6 Kb4 45. Rxe5 Kc3 46. Rxg5 Rxb6 47. Rg8 Kxd3 48. Rd8 Rf6 49. f4 Ke3 50. Re8+ Kd2 51. Kf3 d3 52. g4 Kd1 53. g5 Ra6 54. Rd8 d2 55. f5 Ra3+ 56. Kg4 Ra4+ 57. Kh5 Ke2 58. f6 Rf4 59. Kh6 Rh4+ 60. Kg7 Rg4 61. g6 Rg3 62. Rxd2+ Kxd2 63. f7 Rf3 64. f8=Q 1-0


[Site "https://www.chess.com"]

[Event "Titled Tuesday Blitz July 25 Early 2023"]
[White "Donskov, Anatoly"]
[Black "Matinian, Nikita"]
[WhiteFideId "24143413"]
[BlackFideId "24129100"]
[WhiteElo "2401"]
[BlackElo "2733"]
[Result "0-1"]
[Round "2"]
[TimeControl "180+2"]
[Date "2023.07.25"]
[WhiteClock "0:00:04"]
[BlackClock "0:01:41"]
[Board "145"]

1. e4 c5 2. Nf3 e6 3. d4 cxd4 4. Nxd4 Nc6 5. Nc3 Nf6 6. a3 d5 7. exd5 Nxd5 8. Nxd5 Qxd5 9. Nxc6 bxc6 10. c4 Qxd1+ 11. Kxd1 Bc5 12. Ke2 a5 13. Be3 Bxe3 14. Kxe3 Rb8 15. Rb1 c5 16. Bd3 Ke7 17. Rhd1 e5 18. Bc2 Be6 19. b3 Rhd8 20. Rxd8 Kxd8 21. f4 exf4+ 22. Kxf4 Ke7 23. g4 Rd8 24. Rd1 Rb8 25. a4 h6 26. h4 g5+ 27. hxg5 hxg5+ 28. Kxg5 Rg8+ 29. Kf4 Rxg4+ 30. Kf3 Rh4 31. Rg1 Rh2 32. Rg2 Rxg2 33. Kxg2 Kf6 34. Kf3 Ke5 35. Ke3 Bf5 36. Bd1 Be4 37. Bh5 f5 38. Bd1 f4+ 39. Kd2 Kd4 0-1


[Site "https://www.chess.com"]

[Event "Titled Tuesday Blitz July 25 Early 2023"]
[White "Marn, Jan"]
[Black "Mayank Chakraborty"]
[WhiteFideId "14619245"]
[BlackFideId "25659766"]
[WhiteElo "2401"]
[BlackElo "2720"]
[Result "0-1"]
[Round "2"]
[TimeControl "180+2"]
[Date "2023.07.25"]
[WhiteClock "0:00:11"]
[BlackClock "0:01:51"]
[Board "146"]

1. d4 Nf6 2. Nf3 e6 3. e3 d5 4. Bd3 c5 5. b3 Nc6 6. Bb2 cxd4 7. exd4 Bd6 8. O-O Qc7 9. a3 O-O 10. Nbd2 b6 11. Re1 Bb7 12. Ne5 Ne7 13. Qf3 Rad8 14. Qh3 Ne4 15. f3 Ng5 16. Qh4 f6 17. Ng4 Nf5 18. Bxf5 exf5 19. Ne3 f4 20. Nef1 Qxc2 21. Rab1 Rfe8 22. Rec1 Qg6 23. Re1 Ba6 24. Qf2 Nh3+ 0-1


[Site "https://www.chess.com"]

[Event "Titled Tuesday Blitz July 25 Early 2023"]
[White "Bueno, Alfeu Junior Varela"]
[Black "Nasuta, Grzegorz"]
[WhiteFideId "2108879"]
[BlackFideId "1141686"]
[WhiteElo "2400"]
[BlackElo "2710"]
[Result "1/2-1/2"]
[Round "2"]
[TimeControl "180+2"]
[Date "2023.07.25"]
[WhiteClock "0:00:06"]
[BlackClock "0:00:03"]
[Board "147"]

1. e4 c5 2. Nc3 e6 3. f4 d5 4. Nf3 dxe4 5. Nxe4 a6 6. b3 Be7 7. Bb2 Nf6 8. Nxf6+ Bxf6 9. Ne5 Nd7 10. Qe2 Qc7 11. g3 b5 12. Bg2 Bb7 13. Bxb7 Qxb7 14. O-O-O O-O 15. Kb1 Bxe5 16. Bxe5 Nxe5 17. Qxe5 Rad8 18. Qxc5 Rd5 19. Qe3 Rc8 20. Rhe1 a5 21. d4 b4 22. Rd3 a4 23. Qd2 Ra8 24. Re5 Rxe5 25. dxe5 g6 26. Rd8+ Rxd8 27. Qxd8+ Kg7 28. bxa4 Qh1+ 29. Kb2 Qxh2 30. Qf6+ Kg8 31. Qd8+ Kg7 32. Qd3 Qf2 33. a5 Qc5 34. a6 Qa5 35. a3 h5 36. axb4 Qxb4+ 37. Qb3 Qd4+ 38. Ka3 Qc5+ 39. Ka4 Qc6+ 40. Ka5 Qc5+ 41. Ka4 Qc6+ 42. Ka3 Qc5+ 43. Ka4 1/2-1/2


[Site "https://www.chess.com"]

[Event "Titled Tuesday Blitz July 25 Early 2023"]
[White "Kuznetsov, Felix"]
[Black "Ramirez Vido, Robert Yorisan"]
[WhiteFideId "34147990"]
[BlackFideId "3513823"]
[WhiteElo "2709"]
[BlackElo "2399"]
[Result "1-0"]
[Round "2"]
[TimeControl "180+2"]
[Date "2023.07.25"]
[WhiteClock "0:00:09"]
[BlackClock "0:00:04"]
[Board "148"]

1. e4 d6 2. d4 Nf6 3. Nc3 g6 4. Be3 c6 5. Qd2 b5 6. f3 Nbd7 7. O-O-O Nb6 8. Bd3 Qc7 9. h4 h5 10. Nh3 Bg7 11. e5 dxe5 12. dxe5 Nfd5 13. Nxd5 Nxd5 14. f4 O-O 15. Bc5 Bg4 16. Rde1 Rad8 17. Ng5 a5 18. Qf2 a4 19. Rhf1 a3 20. bxa3 e6 21. Ne4 Bf5 22. Nd6 Bxd3 23. cxd3 Qa5 24. Qd2 Qa4 25. Re4 Qa6 26. g4 hxg4 27. h5 Rb8 28. Rh1 b4 29. axb4 Qa3+ 30. Qb2 Qxd3 31. hxg6 Qxe4 32. Nxe4 1-0


[Site "https://www.chess.com"]

[Event "Titled Tuesday Blitz July 25 Early 2023"]
[White "Zeynalli, Rashad"]
[Black "Miszler, Levente"]
[WhiteFideId "13403320"]
[BlackFideId "763276"]
[WhiteElo "2709"]
[BlackElo "2399"]
[Result "0-1"]
[Round "2"]
[TimeControl "180+2"]
[Date "2023.07.25"]
[WhiteClock "0:01:08"]
[BlackClock "0:02:10"]
[Board "149"]

1. e4 c5 2. Nf3 d6 3. Bb5+ Bd7 4. Bxd7+ Nxd7 5. O-O g6 6. c3 Bg7 7. d4 cxd4 8. cxd4 Ngf6 9. Re1 O-O 10. Nc3 e5 11. Be3 Re8 12. Qd2 exd4 13. Bxd4 Ne5 14. Qe2 Nxe4 15. Nxe4 Nxf3+ 16. Qxf3 Bxd4 17. Rad1 Be5 18. Qb3 Qb6 19. Qxb6 axb6 20. f4 Bxb2 21. Rd2 Bc3 22. Rde2 Bxe1 23. Nf6+ Kf8 0-1


[Site "https://www.chess.com"]

[Event "Titled Tuesday Blitz July 25 Early 2023"]
[White "Jaracz, Pawel"]
[Black "Stork, Oliver"]
[WhiteFideId "1102222"]
[BlackFideId "12955728"]
[WhiteElo "2702"]
[BlackElo "2398"]
[Result "1-0"]
[Round "2"]
[TimeControl "180+2"]
[Date "2023.07.25"]
[WhiteClock "0:00:07"]
[BlackClock "0:00:06"]
[Board "150"]

1. Nf3 d5 2. c4 c6 3. d4 Nf6 4. Qc2 dxc4 5. Qxc4 Bf5 6. g3 e6 7. Bg2 Be7 8. O-O O-O 9. Qb3 Qb6 10. Nbd2 h6 11. Nc4 Qxb3 12. axb3 Nbd7 13. Na5 Rab8 14. Bf4 a6 15. Bxb8 Rxb8 16. Ne5 Nb6 17. Naxc6 bxc6 18. Nxc6 Re8 19. Rxa6 Nbd5 20. Rfa1 Bc2 21. Ra8 Kf8 22. Rxe8+ Kxe8 23. Ra8+ Kd7 24. Ne5+ Kc7 25. Nxf7 Bxb3 26. Ne5 Bc2 27. f3 Ne3 28. Bh3 Bf5 29. Ra7+ Kd6 30. Nf7+ Kd5 31. Bxf5 Nxf5 32. e4+ Nxe4 33. fxe4+ Kxe4 34. g4 Bf6 35. Rb7 Bxd4+ 36. Kg2 Ne3+ 37. Kh3 Kf4 38. Nd6 Nxg4 39. Rf7+ Bf6 40. b4 Nf2+ 41. Kg2 Nd3 42. b5 Ke5 43. Ne8 Nf4+ 44. Kf3 Nd5 45. Nxg7 Bg5 46. Ne8 Kd4 47. Nc7 Nb6 48. Nxe6+ Kc4 49. Nxg5 hxg5 50. Rf5 1-0


[Site "https://www.chess.com"]

[Event "Titled Tuesday Blitz July 25 Early 2023"]
[White "Koellner, Ruben Gideon"]
[Black "Willy, Stephen"]
[WhiteFideId "12993093"]
[BlackFideId "30981468"]
[WhiteElo "2700"]
[BlackElo "2398"]
[Result "1-0"]
[Round "2"]
[TimeControl "180+2"]
[Date "2023.07.25"]
[WhiteClock "0:00:51"]
[BlackClock "0:00:18"]
[Board "151"]

1. d4 d5 2. Nf3 Nf6 3. e3 Bf5 4. Ne5 Nbd7 5. g4 Be4 6. f3 Bg6 7. h4 h6 8. Nxg6 fxg6 9. Bd3 Kf7 10. f4 e6 11. Nd2 c5 12. c3 Bd6 13. Qf3 Rf8 14. g5 Ng8 15. h5 hxg5 16. hxg6+ Ke7 17. Rh7 gxf4 18. Rxg7+ Ke8 19. Qh3 Qf6 20. Rf7 Rxf7 21. gxf7+ Kxf7 22. Nf3 Rf8 23. exf4 Bxf4 24. Bxf4 Qxf4 25. Ke2 Ngf6 26. Rf1 c4 27. Ne5+ Nxe5 28. Rxf4 cxd3+ 29. Kd1 Nc4 30. b3 Nd6 31. Qh7+ Ke8 32. Qc7 Nfe4 33. Qb8+ Kd7 34. Rxf8 Nxc3+ 35. Kd2 1-0


[Site "https://www.chess.com"]

[Event "Titled Tuesday Blitz July 25 Early 2023"]
[White "Cherniaiev, Tykhon"]
[Black "dodoucb"]
[WhiteFideId "14182360"]
[WhiteElo "2698"]
[BlackElo "2397"]
[Result "1-0"]
[Round "2"]
[TimeControl "180+2"]
[Date "2023.07.25"]
[WhiteClock "0:00:53"]
[BlackClock "0:00:15"]
[Board "152"]

1. Nf3 Nf6 2. d4 e6 3. c4 Bb4+ 4. Bd2 Qe7 5. g3 b6 6. Bg2 Bb7 7. O-O O-O 8. a3 Bxd2 9. Nbxd2 d5 10. Qc2 c5 11. cxd5 exd5 12. e3 Nbd7 13. Nh4 g6 14. Rad1 Rad8 15. Qa4 a6 16. dxc5 bxc5 17. Nb3 Ne5 18. Qf4 Ne4 19. Nf3 Nxf3+ 20. Bxf3 g5 21. Qg4 f5 22. Qh5 Kh8 23. Bxe4 fxe4 24. Rc1 Rc8 25. Qe2 Rc6 26. Na5 Rc7 27. Qd2 Ba8 28. b4 Rf6 29. bxc5 Rxc5 30. Qb4 1-0


[Site "https://www.chess.com"]

[Event "Titled Tuesday Blitz July 25 Early 2023"]
[White "Grekh, Andrey"]
[Black "Vaishali, Rameshbabu"]
[WhiteFideId "14112418"]
[BlackFideId "5091756"]
[WhiteElo "2391"]
[BlackElo "2695"]
[Result "0-1"]
[Round "2"]
[TimeControl "180+2"]
[Date "2023.07.25"]
[WhiteClock "0:00:06"]
[BlackClock "0:00:07"]
[Board "153"]

1. e4 e5 2. Nf3 Nc6 3. Nc3 Nf6 4. d4 exd4 5. Nxd4 Nxe4 6. Nxe4 Qe7 7. f3 d5 8. Bb5 Bd7 9. O-O dxe4 10. Bxc6 bxc6 11. Re1 O-O-O 12. Rxe4 Qb4 13. Bd2 Qb6 14. Be3 c5 15. Nb3 Bc6 16. Qe2 Bxe4 17. fxe4 Bd6 18. Qc4 Qb4 19. Qa6+ Qb7 20. Qc4 Rhe8 21. Bxc5 Rxe4 22. Qxf7 Re2 23. Qf5+ Kb8 24. Qg5 Rde8 25. Bd4 h6 26. Qxg7 Qd5 27. c4 Qf5 28. Rf1 Re1 29. Nd2 Rxf1+ 30. Nxf1 Re1 31. Qg8+ Kb7 32. Qd5+ Qxd5 33. cxd5 Ra1 34. a3 Rd1 35. Bg7 h5 36. g3 Bc5+ 37. Kg2 Rxd5 38. Bc3 Rd3 39. Nd2 Kc6 40. Ne4 Bd4 41. Bxd4 Rxd4 42. Kf3 Rd3+ 43. Ke2 Rb3 44. Nf6 Rxb2+ 45. Kf3 Rxh2 0-1


[Site "https://www.chess.com"]